 Dungeon Crawl Stone Soup version 0.28-a0-674-gdaf460b524 (webtiles) character file.

Game seed: 15870783350591691391

4169 jasper the Carver (level 10, -4/69 HPs)
             Began as a Demonspawn Artificer on Oct 18, 2021.
             Was a Priest of Wu Jian.
             Killed from afar by an electric eel (11 damage)
             ... with a bolt of electricity
             ... on level 6 of the Dungeon.
             The game lasted 00:17:57 (11231 turns).

jasper the Carver (Demonspawn Artificer)           Turns: 11231, Time: 00:17:58

Health: -4/69      AC: 19    Str: 16    XL:     10   Next: 7%
Magic:  10/10      EV:  3    Int: 13    God:    Wu Jian [***...]
Gold:   622        SH: 14    Dex: 13    Spells: 9/9 levels left

rFire   + . .      SeeInvis .   v - +0 double sword (flame)
rCold   . . .      Faith    .   f - +0 kite shield
rNeg    . . .      Spirit   .   g - +2 plate armour {rF+}
rPois   .          Reflect  .   (no helmet)
rElec   .          Harm     .   i - +0 cloak {Will+}
rCorr   .          Rampage  .   k - +2 pair of gloves
Will    +....                   (no boots)
Stlth   ..........              (no amulet)
HPRegen 0.21/turn               (no ring)
MPRegen 0.12/turn               (no ring)

@: no status effects
A: claws 1, icy blue scales 1, spiny 2, condensation shield
a: Renounce Religion, Wall Jump, Serpent's Lash


You were on level 6 of the Dungeon.
You worshipped Wu Jian.
Wu Jian was most pleased with you.
You visited 2 branches of the dungeon, and saw 10 of its levels.

You collected 1714 gold pieces.
You spent 1092 gold pieces at shops.

Inventory:

Hand Weapons
 a - a +1 club of freezing
 n - a +0 quarterstaff
 p - a +3 long sword
 t - a +0 hunting sling
 v - a +0 double sword of flaming (weapon)
 w - a +3 scimitar
Missiles
 c - 290 stones (quivered)
 r - 14 poisoned darts
 y - 5 boomerangs
 C - a curare-tipped dart
Armour
 b - a +0 leather armour
 f - a +0 kite shield (worn)
 g - a +2 plate armour of fire resistance (worn)
 i - a +0 cloak of willpower (worn)
 j - a +0 ring mail
 k - a +2 pair of gloves (worn)
Wands
 x - a wand of charming (12)
 D - a wand of polymorph (3)
Scrolls
 m - a scroll of teleportation
 s - a scroll of enchant weapon
 E - a scroll of magic mapping
Potions
 d - 2 potions of ambrosia
 l - a potion of haste
 o - a potion of brilliance
 q - a potion of degeneration
 u - 4 potions of curing
 z - a potion of mutation
 A - a potion of lignification
 F - a potion of berserk rage
Miscellaneous
 e - a piece from Xom's chessboard (15/15)


   Skills:
 - Level 2.8 Fighting
 * Level 10.9 Long Blades
 - Level 1.3 Maces & Flails
 - Level 2.4 Armour
 - Level 1.3 Dodging
 - Level 0.8 Stealth
 - Level 6.4 Shields
 - Level 3.3 Evocations


You had 9 spell levels left.
You didn't know any spells.
Your spell library contained the following spells:

 Spells                   Type           Power      Damage    Failure   Level
 Apportation              Tloc           0%         N/A       100%        1
 Pain                     Necr           0%         1d4       100%        1
 Ensorcelled Hibernation  Hex/Ice        0%         N/A       100%        2
 Gell's Gravitas          Tloc           0%         N/A       100%        3
 Spider Form              Tmut/Pois      0%         N/A       100%        3
 Teleport Other           Tloc           0%         N/A       100%        3
 Agony                    Necr           0%         N/A       100%        5
 Alistair's Intoxication  Tmut/Pois      0%         N/A       100%        5
 Excruciating Wounds      Necr           0%         N/A       100%        5
 Dispersal                Tloc           0%         N/A       100%        6
 Invisibility             Hex            0%         N/A       100%        6


Dungeon Overview and Level Annotations

Branches:
Dungeon (9/15)             Temple (1/1) D:4
   Lair: D:8-11         Orc: D:9-12

Altars:
Ashenzari
Cheibriados
Dithmenos
Fedhas
Gozag
Kikubaaqudgha
Makhleb
Nemelex Xobeh
Qazlal
Ru
Sif Muna
Uskayaw
Vehumet
Wu Jian
Xom
Beogh

Shops:
D:1 [

Annotations:
D:7 3 runed translucent doors, jasper's ghost, novice DsVM


Innate Abilities, Weirdness & Mutations

You have sharp fingernails.
You are partially covered in icy blue scales. (AC +2)
You are mostly covered in sharp spines.
A meltable shield of frost defends you. (SH +4)


Message History

Your plate armour prevents you from hitting the electric eel.
The electric eel is severely wounded.
The electric eel shoots out a bolt of lightning at you!
The bolt of electricity hits the electric eel.
The electric eel completely resists.
The bolt of electricity hits you.
You take 3 damage, and have 41/69 hp.
You spin to attack the electric eel, but your attack speed is too slow for a blow to land.
You spin and attack the electric eel.
You barely miss the electric eel.
The electric eel is severely wounded.
The electric eel shoots out a bolt of lightning at you!
The bolt of electricity hits you.
The electric eel shoots out a bolt of lightning at you!
The bolt of electricity misses the electric eel.
The bolt of electricity hits you.
You take 8 damage, and have 34/69 hp.
You spin and attack the electric eel.
You miss the electric eel.
The electric eel is severely wounded.
The electric eel shoots out a bolt of lightning at you!
The bolt of electricity hits you! x2
* * * LOW HITPOINT WARNING * * *
The bolt of electricity hits the electric eel.
The electric eel completely resists.
The electric eel shoots out a bolt of lightning at you!
The bolt of electricity hits you!
* * * LOW HITPOINT WARNING * * *
The bolt of electricity hits you.
* * * LOW HITPOINT WARNING * * *
The bolt of electricity hits the electric eel.
The electric eel completely resists.
You take 27 damage, and have 7/69 hp.
MASSIVE DAMAGE!!
You spin to attack the electric eel, but your attack speed is too slow for a blow to land.
The electric eel shoots out a bolt of lightning at you!
The bolt of electricity hits the electric eel.
The electric eel completely resists.
The bolt of electricity hits you but does no damage.
Okay, then.
Okay, then.
The electric eel shoots out a bolt of lightning at you!
The bolt of electricity hits you!
You die...

#......#######♣≈≈P≈
#......# .♣♣♣P
#......# ....♣
#......# ....#
#....### ... #
#[.†## ....# #...#
..... #...##+++#
..... #.@.......
..... ##.........
..... #.S♣#######
####. #S♣♣ #. #≈≈
#. #≈≈≈ #. #♣≈♣. #.
.... .. ..


You could see 2 electric eels.

Vanquished Creatures
  A kobold demonologist (D:9)
  A wyvern (D:8)
  2 steam dragons (D:8)
  2 water moccasins
  3 orc warriors
  2 ice beasts (D:7)
  2 ogres
  A sky beast (D:7)
  A necrophage (D:7)
  5 phantoms
  3 kobold brigands
  5 bullfrogs
  4 scorpions
  A gnoll sergeant (D:7)
  2 wyvern skeletons (D:7)
  5 wights
  7 electric eels (D:6)
  A bullfrog zombie (D:5)
  A centaur zombie (D:9)
  3 hounds
  3 orc priests
  A centaur skeleton (D:6)
  A gnoll shaman (D:6)
  4 orc wizards
  A hound skeleton (D:4)
  3 howler monkey zombies (D:6)
  4 adders
  7 gnolls
  A shadow imp (D:6)
  A white imp (D:7)
  2 ufetubi
  2 worms (D:2)
  2 dart slugs
  28 orcs
  4 ball pythons
  7 endoplasms
  A giant cockroach (D:2)
  15 goblins
  8 hobgoblins
  4 quokkas
  9 bats
  5 frilled lizards
  20 kobolds
  3 rats
188 creatures vanquished.

Vanquished Creatures (collateral kills)
  A hobgoblin (D:1)
1 creature vanquished.

Vanquished Creatures (others)
  An adder (D:3)
  13 plants (D:6)
14 creatures vanquished.

Grand Total: 203 creatures vanquished

Notes
Turn   | Place    | Note
-------+----------+-------------------------------------------
     0 | D:1      | jasper the Demonspawn Artificer began the quest for the
                  | Orb.
     0 | D:1      | Reached XP level 1. HP: 15/15 MP: 1/1
    22 | D:1      | Reached skill level 1 in Dodging
    55 | D:1      | Gained mutation: You are partially covered in icy blue
                  | scales. (AC +2) [demonic ancestry]
    55 | D:1      | Reached XP level 2. HP: 17/21 MP: 2/2
   445 | D:1      | Found Segrogir's Antique Armour Shop.
   601 | D:1      | Gained mutation: A meltable shield of frost defends you.
                  | (SH +4) [demonic ancestry]
   601 | D:1      | Reached XP level 3. HP: 18/27 MP: 3/3
   754 | D:1      | Found a faded altar of an unknown god.
  1015 | D:1      | Identified a scroll of acquirement
  1015 | D:1      | Acquired 1178 gold pieces
  1045 | D:1      | Bought a kite shield for 108 gold pieces
  1045 | D:1      | Bought a shiny plate armour for 624 gold pieces
  1045 | D:1      | Bought a glowing cloak for 180 gold pieces
  1045 | D:1      | Bought a pair of runed gloves for 180 gold pieces
  1836 | D:3      | Reached XP level 4. HP: 34/34 MP: 4/4
  1857 | D:3      | Reached skill level 1 in Maces & Flails
  2729 | D:3      | Found a stormy altar of Qazlal.
  2801 | D:3      | Reached skill level 1 in Shields
  2871 | D:4      | Noticed a scorpion
  3010 | D:4      | Reached skill level 1 in Long Blades
  3010 | D:4      | Gained mutation: You have sharp fingernails. [demonic
                  | ancestry]
  3010 | D:4      | Reached XP level 5. HP: 40/40 MP: 5/5
  3203 | D:4      | Reached skill level 2 in Long Blades
  3318 | D:4      | Found a staircase to the Ecumenical Temple.
  3370 | D:4      | Noticed an ogre
  3409 | Temple   | Entered the Ecumenical Temple
  3528 | Temple   | Became a worshipper of the Wu Jian Council
  3632 | D:5      | Entered Level 5 of the Dungeon
  3885 | D:5      | Reached XP level 6. HP: 25/46 MP: 6/6
  4097 | D:5      | Reached skill level 3 in Long Blades
  4570 | D:5      | Reached skill level 4 in Long Blades
  4911 | D:6      | Reached XP level 7. HP: 44/51 MP: 7/7
  5401 | D:6      | Found a snail-covered altar of Cheibriados.
  5468 | D:6      | Reached skill level 5 in Long Blades
  5496 | D:6      | Reached * piety under Wu Jian
  5742 | D:7      | Reached XP level 8. HP: 57/57 MP: 8/8
  5812 | D:7      | Reached skill level 6 in Long Blades
  6302 | D:7      | Reached skill level 7 in Long Blades
  6302 | D:7      | Reached skill level 5 in Shields
  6311 | D:7      | Found a large runed translucent door.
  6312 | D:7      | Found a large runed translucent door.
  6672 | D:7      | Found a runed translucent door.
  6673 | D:7      | Noticed jasper's ghost (novice DsVM)
  7349 | D:8      | Reached skill level 8 in Long Blades
  7355 | D:8      | Gained mutation: You are partially covered in sharp spines.
                  | [demonic ancestry]
  7355 | D:8      | Reached XP level 9. HP: 47/62 MP: 9/9
  7365 | D:8      | Reached ** piety under Wu Jian
  8099 | D:8      | Reached skill level 9 in Long Blades
  8765 | D:9      | Noticed a kobold demonologist
  8766 | D:9      | Noticed a kobold demonologist
  8768 | D:9      | Reached *** piety under Wu Jian
  8771 | D:9      | Noticed a hellwing
  8772 | D:9      | Killed a kobold demonologist
  8773 | D:9      | Reached skill level 10 in Long Blades
  8901 | D:9      | Noticed a rust devil
  8917 | D:9      | Noticed a red devil
  8918 | D:9      | Noticed a soul eater
  9867 | D:6      | Noticed Edmund
  9869 | D:6      | Noticed Edmund
  9869 | D:6      | Edmund changed into Edmund the bat
  9871 | D:6      | Killed Edmund the bat
 10586 | D:6      | Gained mutation: You are mostly covered in sharp spines.
                  | [demonic ancestry]
 10586 | D:6      | Reached XP level 10. HP: 26/69 MP: 10/10
 11231 | D:6      | Killed from afar by an electric eel

Illustrated notes

Levels and vault maps discovered:
D:1:      roderic_chinese_lattice_arrival, layout_rooms,
          shapermc_ecumenical_altar_venn, serial_shops, shop
D:2:      layout_rooms, minmay_tromino_v4_a
D:3:      layout_basic, nicolae_qazlal_general_emergency
D:4:      layout_loops_ring, minmay_temple_entry_poolview
D:5:      layout_basic, minmay_ogre_servants
D:6:      layout_gridville, good_gods_mini_temple, marbit_many_paths,
          serial_bayou, serial_bayou_pond_c, serial_bayou_ford_a,
          serial_bayou_pond_e, serial_bayou_lake_a, kennysheep_generic_room_13,
          uniq_edmund, uniq_duvessa, uniq_maggie
D:7:      layout_loops_ring, jmf_multi_god_temple2, gammafunk_ghost_grave,
          chequers_serial_rivers_small_a, grunt_decor_mini_mirrors
D:8:      layout_basic, special_room [special_room_orc]
D:9:      layout_roguey, grunt_temple_overflow_bloody_war, serial_rivers,
          chequers_serial_rivers_micro_a, chequers_serial_rivers_micro_b,
          chequers_serial_rivers_large_b, chequers_serial_rivers_room_a,
          chequers_serial_rivers_large_a
Temple:   dshaligram_water_room_temple

Skill      XL: |  1  2  3  4  5  6  7  8  9 |
---------------+----------------------------+-----
Dodging        | 1 |  1.3
Armour         | 2 |  2.4
Fighting       | 2 |  2.8
Maces & Flails | 1 |  1.3
Shields        | 1 2 3 4 5 6 |  6.4
Long Blades    | 1 2 4 5 8 10 | 10.9
Stealth        | |  0.8
Evocations     | |  3.3

Action                   |  1- 3 |  4- 6 |  7- 9 | 10-12 || total
-------------------------+-------+-------+-------+-------++-------
Melee: Club              |   149 |    51 |       |       ||   200
       Double sword      |       |   140 |   387 |    39 ||   566
 Fire: Hunting sling     |     1 |     2 |       |       ||     3
Throw: Stone             |    30 |    18 |    24 |       ||    72
Invok: Lunge             |       |       |    11 |     1 ||    12
       Whirlwind         |       |       |     6 |     6 ||    12
 Abil: Wall Jump         |       |       |     2 |       ||     2
Evoke: Wand              |    17 |    13 |     9 |       ||    39
       Piece from Xom's  |       |     5 |     3 |       ||     8
  Use: Scroll            |     6 |     5 |     7 |     1 ||    19
       Potion            |       |     3 |     3 |       ||     6
Armor: Leather armour    |    14 |       |       |       ||    14
       Ring mail         |    25 |       |       |       ||    25
       Plate armour      |    54 |   162 |   206 |     9 ||   431
Dodge: Dodged            |    53 |     7 |    26 |     3 ||    89
Block: Kite shield       |    47 |   115 |   222 |    18 ||   402
       Other             |     4 |       |       |       ||     4

Table legend: (Time is in decaauts)
 A = Elapsed time spent in this place.
 B = Non-inter-level travel time spent in this place.
 C = Inter-level travel time spent in this place.
 D = Time resting spent in this place.
 E = Time spent auto-exploring this place.
 F = Levels seen in this place.
 G = Mean time per level.
                   A        B        C        D        E       F      G
               +--------+--------+--------+--------+--------+-----+--------+
         Total |  11548 |  11221 |    327 |   3368 |   5489 |  10 | 1154.8 |
       Dungeon |  11412 |  11100 |    312 |   3368 |   5429 |   9 | 1268.0 |
        Temple |    135 |    120 |     15 |      0 |     60 |   1 |  135.0 |
               +--------+--------+--------+--------+--------+-----+--------+

Top non-repeatable levels by time:
     D:6: 3064 daAuts
     D:7: 1892 daAuts
     D:8: 1535 daAuts
     D:3: 1200 daAuts
     D:1: 1118 daAuts
     D:5: 995 daAuts
     D:2: 671 daAuts
     D:4: 663 daAuts
     D:9: 271 daAuts
  Temple: 135 daAuts
